AoeStats
← BangAverage

Golden Pit

508086038Analyzed
1v1 RM · 10d ago on Sep 20, 2026· 50m 21s· 2 players
Game mode
Random Map
Map size
Tiny (2 player)
Population
200
Speed
Normal
Resources
Standard
Victory
Conquest
Starting age
Dark Age
Ending age
Imperial Age
RankedLock teamsTeams togetherTeam positionsShared explorationLock speedFull tech treeHidden civsTurbo modeCheats
Victory
Defeat
🇬🇧 Mongols · United Kingdom
439
+16
🇪🇸 Malians · Spain
447
-16
BangAverage
8:08 Loom
10:16 Feudal Age
18:04 Horse Collar
21:28 Double-Bit Axe
27:30 Castle Age
32:41 Imperial Age
32:24 Masonry
32:11 Murder Holes
32:37 Bow Saw
32:30 Heavy Plow
34:56 Gold Mining
34:59 Stone Mining
35:38 Ballistics
35:17 Fletching
35:28 Padded Archer Armor
35:36 Scale Barding Armor
35:43 Forging
37:25 Conscription
37:45 Bodkin Arrow
42:56 Bracer
43:14 Fortified Wall
44:09 Chemistry
43:11 Guard Tower
45:43 Elite Mangudai
49:14 Wheelbarrow
Sir.BryanTheNicolás
10:38 Feudal Age
16:41 Castle Age
16:31 Loom
17:41 Double-Bit Axe
19:28 Squires
32:12 Murder Holes
35:21 Town Watch
38:44 Wheelbarrow
40:23 Stone Mining
40:23 Gold Mining
40:29 Gold Mining
42:20 Bow Saw
41:55 Horse Collar
42:30 Elite Skirmisher
46:40 Hand Cart
51:12 Imperial Age
49:18 Husbandry
49:46 Tigui
Connection lost

Rejoining the realm…

Still unreachable

The connection could not be restored.

Session expired

The server has moved on; the page needs a fresh start.